 Dungeon Crawl Stone Soup version 0.23-a0-446-g036aa52 (webtiles) character file.

37 sl00ts the Insei (level 3, 0/27 HPs)
             Began as a Demonspawn Transmuter on Nov 18, 2018.
             Slain by a hound (2 damage)
             ... on level 2 of the Dungeon.
             The game lasted 00:02:48 (1444 turns).

sl00ts the Insei (Demonspawn Transmuter)            Turns: 1444, Time: 00:02:48

Health: 0/27       AC:  2    Str: 10    XL:     3   Next: 21%
Magic:  0/6        EV: 12    Int: 14    God:
Gold:   51         SH:  0    Dex: 14    Spells: 5/6 levels left

rFire    . . .     SeeInvis .     - Unarmed
rCold    . . .     Gourm    .   (no shield)
rNeg     . . .     Faith    .   b - +0 robe
rPois    .         Spirit   +   (no helmet)
rElec    .         Reflect  .   (no cloak)
rCorr    .         Harm     .   (no gloves)
MR       .....                  (no boots)
Stlth    ++........             (no amulet)
HPRegen  0.09/turn              (no ring)
MPRegen  0.10/turn              (no ring)

@: appendage (expiring), very slightly contaminated, invisible
A: horns 2, nightstalker 1, magic shield
a: End Transformation


You were on level 2 of the Dungeon.
You were very hungry.
You had grown temporary horns.
You visited 1 branch of the dungeon, and saw 2 of its levels.

You collected 51 gold pieces.

Inventory:

Missiles
 a - 12 arrows
Armour
 b - a +0 robe (worn)
Scrolls
 c - 2 scrolls of magic mapping {unknown}
 e - a scroll of enchant weapon {unknown}
 g - 2 scrolls of identify {unknown}
 h - a scroll of amnesia {unknown}
 j - a scroll of teleportation {unknown}
Comestibles
 d - 5 rations


   Skills:
 * Level 2.0 Fighting
 - Level 1.7 Dodging
 * Level 3.1 Unarmed Combat
 - Level 2.0 Spellcasting
 * Level 2.3 Transmutations


You had 5 spell levels left.
You knew the following spells:

 Your Spells              Type           Power        Failure   Level  Hunger
a - Beastly Appendage     Tmut           #.....       9%          1    ##.....

Your spell library contained the following spells:

 Spells                   Type           Power        Failure   Level  Hunger
 Sticks to Snakes         Tmut           #.......     14%         2    ###....
 Spider Form              Tmut/Pois      #.........   41%         3    ####...
 Ice Form                 Ice/Tmut       #.......     82%         4    #####..
 Blade Hands              Tmut           #.........   94%         5    ######.


Dungeon Overview and Level Annotations

Branches:
Dungeon (2/15)

Altars:


Innate Abilities, Weirdness & Mutations

You are slightly more attuned to the shadows.
When hurt, damage is shared between your health and your magic reserves.
You have a pair of horns on your head.


Message History

The hound is severely wounded.
The hound closely misses you.
You hit the hound. Your headbutt misses the hound.
The hound is almost dead.
The hound barely misses you. The hound bites you.
* * * LOW HITPOINT WARNING * * *
You closely miss the hound. Your headbutt misses the hound.
The hound is almost dead.
Your transformation is almost over.
The hound closely misses you.
You closely miss the hound.
The hound is almost dead.
The hound bites you.
* * * LOW HITPOINT WARNING * * *
The hound bites you.
* * * LOW HITPOINT WARNING * * *
You barely miss the hound.
The hound is almost dead.
The hound bites you.
You die...

#..# #.#
##.# #.#
#.# #.#
#.## #.#
#..# #.#
##.## #.#
#..#
##.########
#..@hg?...
#.####.#..
#.# #.# #.#
#.# #.


You could see a hound and a gnoll.

Vanquished Creatures
  3 dart slugs
  2 giant cockroaches (D:1)
  A goblin (D:1)
  7 hobgoblins
  7 kobolds
  A ball python (D:1)
  3 bats (D:1)
  A frilled lizard (D:1)
  2 rats (D:1)
27 creatures vanquished.

Notes
Turn   | Place    | Note
-------+----------+-------------------------------------------
     0 | D:1      | sl00ts the Demonspawn Transmuter began the quest for the
                  | Orb.
     0 | D:1      | Reached XP level 1. HP: 15/15 MP: 3/3
     2 | D:1      | Noticed a merfolk
     2 | D:1      | Noticed a troll
     4 | D:1      | Noticed a demigod
     4 | D:1      | Noticed a vine stalker
     6 | D:1      | Noticed a tengu
     8 | D:1      | Noticed an elf
     8 | D:1      | Noticed a centaur
    10 | D:1      | Noticed a formicid
    12 | D:1      | Noticed a draconian
    12 | D:1      | Noticed a vampire
    14 | D:1      | Noticed a ghoul
    16 | D:1      | Noticed an octopode
    16 | D:1      | Noticed a halfling
    18 | D:1      | Noticed a demonspawn
    18 | D:1      | Noticed a human
    20 | D:1      | Noticed a spriggan
    20 | D:1      | Noticed a gargoyle
    22 | D:1      | Noticed an ogre
    22 | D:1      | Noticed a felid
    24 | D:1      | Noticed a naga
    26 | D:1      | Noticed a dwarf
    26 | D:1      | Noticed a minotaur
   463 | D:1      | Gained mutation: When hurt, damage is shared between your
                  | health and your magic reserves. [demonic ancestry]
   463 | D:1      | Reached XP level 2. HP: 21/21 MP: 3/5
   512 | D:1      | Reached skill level 3 in Unarmed Combat
  1237 | D:1      | Gained mutation: You are slightly more attuned to the
                  | shadows. [demonic ancestry]
  1237 | D:1      | Reached XP level 3. HP: 27/27 MP: 4/6
  1438 | D:2      | HP: 1/27 [hound (1)]
  1444 | D:2      | Slain by a hound

Vault maps used:
D:1:      kb_arrival_jail
D:2:      minmay_wonky_spiral, first_ration, kennysheep_generic_room_6

Skill      XL: |  1  2  3 |
---------------+----------+-----
Transmutations | 2 |  2.3
Unarmed Combat | 3 |  3.1
Fighting       | 2 |  2.0
Dodging        | |  1.7
Spellcasting   | |  2.0

Action                   || total
-------------------------++-------
Melee: Unarmed           ||   127
       Headbutt          ||     3
       Kick              ||     7
 Cast: Beastly Appendage ||     9
  Use: Potion            ||     2
 Stab: Sleeping          ||     2
  Eat: Chunk             ||     1
Armor: Robe              ||    30
Dodge: Dodged            ||    81

Table legend:
 A = Non-vault XP
 B = Vault XP
 C = Vault XP percentage of total XP
 D = Non-vault monster count
 E = Vault monster count
 F = Vault count percentage of total count
                 A         B        C        D         E       F
            +---------+---------+-------+---------+---------+-------
      Total |      53 |       0 |   0.0 |      27 |       0 |   0.0
            +---------+---------+-------+---------+---------+-------
        D:1 |      41 |       0 |   0.0 |      22 |       0 |   0.0
        D:2 |      12 |       0 |   0.0 |       5 |       0 |   0.0
            +---------+---------+-------+---------+---------+-------
